 Dungeon Crawl Stone Soup version 0.20-a0-219-g21f8257 (webtiles) character file.

573760 AAAAA the Archmage (level 27, -10/180 HPs)
             Began as a Vine Stalker Monk on Nov 29, 2016.
             Was the Champion of Ashenzari.
             Mangled by a golden dragon (15 damage)
             ... on level 3 of the Realm of Zot.
             The game lasted 02:26:41 (43524 turns).

AAAAA the Archmage (Vine Stalker Monk)             Turns: 43524, Time: 02:27:11

Health: -10/180    AC: 30    Str: 18    XL:     27
Magic:  0/55       EV: 28    Int: 13    God:    Ashenzari [******]
Gold:   1684       SH: 15    Dex: 23    Spells: 40/80 levels left

rFire  + . .     SeeInvis +     K - +7 captain's cutlass {speed, disarm} (curse)
rCold  . . .     Gourm    .     (armour currently unavailable)
rNeg   + . .     Faith    .     y - +0 shield {reflect} (curse)
rPois  ∞         Spirit   +     Q - +2 helmet {Int+3} (curse)
rElec  +         Reflect  +     t - +2 cloak {+Inv} (curse)
rCorr  .         Harm     .     (gloves currently unavailable)
MR     ++++.     Clarity  +     (boots currently unavailable)
Stlth  +++++++...               f - amulet of magic regeneration (curse)
                                Z - ring "Tarhuje" {+Fly rF+ Dex-3 Slay+5 SInv} (curse)
                                h - +4 ring of slaying (curse)

@: about to teleport, statue-form, slowed, very slow
A: fangs 3, talons 1, magic resistance 1, poison resistance, regeneration 2,
(shaggy fur 0), magic shield, antimagic bite, no device heal 3, rot immunity
}: 3/15 runes: decaying, serpentine, silver
a: End Transformation, Curse Item, Scrying, Transfer Knowledge, Renounce
Religion, Evoke Invisibility, Evoke Flight


You were on level 3 of the Realm of Zot.
You worshipped Ashenzari.
Ashenzari was exalted by your worship.
You were not hungry.
You were a stone statue.
You visited 11 branches of the dungeon, and saw 47 of its levels.
You also visited: Bailey.

You collected 5363 gold pieces.
You spent 3679 gold pieces at shops.

Inventory:

Hand Weapons
 j - a +7 eudemon blade of holy wrath
 K - the cursed +7 captain's cutlass (weapon) {speed, disarm}
   (You found it on level 6 of the Lair of Beasts)

   Attacks with this weapon are significantly faster.
   It has a curse placed upon it.
Armour
 i - a cursed +0 pair of boots (melded)
 l - +0 pearl dragon scales
 t - a cursed +2 cloak of invisibility (worn)
 y - a cursed +0 shield of reflection (worn)
 A - the cursed +0 hat of the Loofah {MR- Regen+ Dex+6}
   (You acquired it on level 5 of the Vaults)

   It affects your dexterity (+6).
   It affects your resistance to hostile enchantments.
   It increases your rate of regeneration.
   It has a curse placed upon it.
 E - a cursed +2 pair of gloves (melded)
 O - the cursed +1 ring mail "Nufoc" {rElec rC+ MR+ Str-2 Int+4}
   (You took it off a kobold on level 12 of the Dungeon)

   It affects your strength (-2).
   It affects your intelligence (+4).
   It protects you from cold.
   It insulates you from electricity.
   It affects your resistance to hostile enchantments.
   It has a curse placed upon it.
 Q - a cursed +2 helmet of intelligence (worn)
 U - a cursed +4 troll leather armour (melded) {Snorg}
Jewellery
 d - an uncursed ring of resist corrosion
 f - a cursed amulet of magic regeneration (around neck)
 h - a cursed +4 ring of slaying (left hand)
 W - an uncursed ring of protection from fire
 Z - the cursed ring "Tarhuje" (right hand) {+Fly rF+ Dex-3 Slay+5 SInv}
   (You bought it in a shop on level 1 of the Depths)

   [ring of protection from fire]

   It affects your dexterity (-3).
   It affects your accuracy and damage with ranged weapons and melee attacks
   (+5).
   It protects you from fire.
   It lets you see invisible.
   It lets you fly.
   It has a curse placed upon it.
Wands
 w - a wand of digging (10/24)
 I - a wand of disintegration (19/24)
 J - a wand of teleportation (3/9)
 L - a wand of hasting (4/9)
Scrolls
 a - 4 scrolls of holy word
 e - 8 scrolls of teleportation
 k - 10 scrolls of remove curse
 n - 8 scrolls of immolation
 u - 6 scrolls of fear
 v - 4 scrolls of enchant armour
 C - 8 scrolls of amnesia
 F - 6 scrolls of fog
 G - 10 scrolls of recharging
 H - a scroll of summoning
 N - 5 scrolls of blinking
 P - 6 scrolls of magic mapping
 R - a scroll of torment
 Y - 26 scrolls of identify
Potions
 b - 2 potions of magic
 g - 19 potions of curing
 p - 8 potions of cancellation
 q - 2 potions of cure mutation
 r - 10 potions of invisibility
 x - a potion of berserk rage
 z - 2 potions of ambrosia
 B - 3 potions of flight
 D - 7 potions of agility
 M - 9 potions of brilliance
 T - 3 potions of resistance
 V - 4 potions of might
 X - 10 potions of lignification
Miscellaneous
 o - a fan of gales
 S - 3 phantom mirrors
Comestibles
 c - 24 bread rations
 m - 28 fruits
 s - 13 meat rations


   Skills:
 - Level 12.6 Fighting
 - Level 7.7(14.3) Short Blades
 - Level 12.7(13.5) Long Blades
 - Level 11.9(16.1) Dodging
 - Level 14.2(18.2) Stealth
 - Level 12.4(15.1) Shields
 O Level 27 Spellcasting
 - Level 7.3(11.8) Transmutations
 + Level 17.3(21.1) Air Magic
 - Level 3.0(6.8) Earth Magic
 - Level 3.9(8.1) Evocations


You had 40 spell levels left.
You knew the following spells:

 Your Spells              Type           Power        Failure   Level  Hunger
a - Statue Form           Tmut/Erth      #####....    8%          6    ####...
b - Swiftness             Chrm/Air       #####...     1%          2    None
c - Deflect Missiles      Chrm/Air       #####.....   3%          6    ####...
d - Mephitic Cloud        Conj/Pois/Air  #####...     1%          3    None
e - Repel Missiles        Chrm/Air       #####.       1%          2    None
f - Silence               Hex/Air        #####.....   1%          5    ##.....
g - Confuse               Hex            ###.....     6%          3    None
h - Tornado               Air            ######....   41%         9    #######
i - Blink                 Tloc           N/A          2%          2    None
j - Summon Butterflies    Summ           ###.....     1%          1    None
v - Confusing Touch       Hex            ###...       1%          1    None


Dungeon Overview and Level Annotations

Branches:
Dungeon (15/15)            Temple (1/1) D:5            Lair (6/6) D:10
  Swamp (4/4) Lair:3        Snake (4/4) Lair:2        Slime (0/5) Lair:6
    Orc (2/2) D:10            Elf (0/3) Orc:2        Vaults (5/5) D:13
  Crypt (1/3) Vaults:3     Depths (5/5) D:15           Hell (1/1)
    Zot (3/5) Depths:5
    Dis: Hell:1         Geh: Hell:1         Coc: Hell:1         Tar: Hell:1

Altars:
Ashenzari
Cheibriados
Dithmenos
Elyvilon
Fedhas
Gozag
Hepliaklqana
Kikubaaqudgha
Makhleb
Nemelex Xobeh
Okawaru
Qazlal
Ru
Sif Muna
Trog
Uskayaw
Vehumet
Xom
Yredelemnul
Zin
The Shining One
Jiyva

Shops:
D:10 ?   D:15 *   Orc:2 *[:(   Snake:1 *   Vaults:1 *   Vaults:5 ?
Depths:1 }==

Portals:
Hell: Depths:1 Depths:2 Depths:3 Depths:4 Depths:5
Abyss: Depths:2 Depths:3 Depths:4 Depths:5
Pandemonium: Depths:3 Depths:4
Ziggurat: Depths:1

Annotations:
Hell Geryon


Innate Abilities, Weirdness & Mutations

You have razor-sharp teeth.
You heal very quickly.
When hurt, damage is shared between your health and your magic reserves.
Your bite disrupts and absorbs the magic of your enemies.
Potions and wands cannot restore your health.
You are immune to rotting.
You have sharp toenails.
You are resistant to hostile enchantments. (MR+)
Your system is resistant to poisons. (rPois)
((You are covered in fur. (AC +1)))


Message History

The death cob drains your vigour!
You feel yourself slow down.
The golden dragon bites you but does no damage.
The golden dragon claws you!!
* * * LOW HITPOINT WARNING * * *
You block the golden dragon's attack.
The red draconian stormcaller completely misses you.
The yellow draconian hits you!!
* * * LOW HITPOINT WARNING * * *
The green draconian hits you but does no damage.
The green draconian tail-slaps you!
* * * LOW HITPOINT WARNING * * *
The storm dragon completely misses you.
The storm dragon claws you but does no damage.
The storm dragon completely misses you.
You block the black draconian monk's attack.
The black draconian monk completely misses you.
The black draconian monk tail-slaps you but does no damage.
The death cob misses you. The golden dragon misses you.
The golden dragon barely misses you. The golden dragon tramples you!!
You die...

,,,,, ,, ,, * * * , <,
,,,* * , ,,, ,,.....,*
* *** * ,, , ....., ,
, * ,, , ,...§.. * ***
* , , ,,, ...§§. , ,
+*#.§§§#########
,*,,,, #.§§§§qqzd§§§#
* ,, ##.§§§§d8DD§§§+,
, ,, ,...§§§§d§D§§§§#
* ,, ,
,...§§§§§§§§§§§# ,
,,......§§#####§#### *
* {......#** #.#
,#####.....#######.###
*
...........#.........#
* *
.#.........#.#####.#.#
*{* .+.........#'###
#.#.# *


You could see a black draconian monk (berserk), a golden dragon (berserk), 2
storm dragons, 2 draconians, a green draconian (berserk), a death cob and a red
draconian stormcaller.

Vanquished Creatures
  The ghost of Herrn the Warrior, a master NaMo of Okawaru (Depths:3)
  Mennas (Vaults:2)
  2 juggernauts (Depths:2)
  Sojobo (Vaults:2)
  Boris (Vaults:2)
  Bai Suzhen (Swamp:3)
  Vashnia (Snake:4)
  2 caustic shrikes
  10 golden dragons
  the Enchantress (Depths:3)
  A bone dragon (Depths:5)
  Nikola (Depths:1)
  Jory (Vaults:2)
  Jorgrun (Swamp:2)
  4 liches
  12 tentacled monstrosities
  Asterion (Vaults:1)
  A quicksilver dragon (Zot:2)
  6 titans
  4 death cobs
  3 thorn hunters
  7 tengu reavers
  5 sphinxes
  A shadow dragon (Vaults:5)
  7 storm dragons
  Donald (Vaults:2)
  A shadow dragon (shapeshifter) (Vaults:5)
  2 draconian monks
  Agnes (Snake:4)
  A ghost moth (shapeshifter) (Depths:4)
  17 vault wardens
  7 nagarajas (Snake:4)
  15 fire giants
  2 iron dragons (Vaults:5)
  Louise (D:15)
  3 orc warlords
  Aizul (Snake:2)
  12 frost giants
  6 draconian scorchers
  3 deep elf elementalists
  A draconian shifter (Zot:3)
  9 draconian stormcallers
  A balrug (Depths:1)
  2 war gargoyles (Vaults:5)
  2 draconian annihilators
  A ghoul (Vaults:4)
  8 ironheart preservers
  5 spriggan defenders
  27 stone giants
  4 entropy weavers
  A vampire knight (Depths:2)
  2 green draconians
  15 very ugly things
  4 deep elf demonologists
  A yellow draconian (Zot:1)
  2 deep elf annihilators
  The ghost of yrara the Basher, a journeyman GrFi of Ashenzari (Orc:2)
  13 spark wasps
  5 black draconians
  6 purple draconians
  3 white draconians
  6 red draconians
  Snorg (D:11)
  12 ettins
  13 fire dragons
  12 ogre magi
  20 yaktaur captains
  2 deep elf high priests
  5 great orbs of eyes
  6 jiangshi
  33 vault guards
  11 ice dragons
  19 hydras
  2 catoblepae (Lair:6)
  7 rakshasas
  15 naga warriors
  Harold (Orc:1)
  5 spriggan air magi
  3 death knights
  A ghost crab (Swamp:3)
  11 anacondas
  12 centaur warriors
  A caustic shrike simulacrum (Depths:2)
  15 alligators
  3 death yaks (Lair:6)
  5 deep troll shamans
  2 dancing weapons (Vaults:5)
  5 tengu warriors
  A queen ant (D:13)
  Urug (D:13)
  7 deep troll earth magi
  A soul eater (Vaults:3)
  5 orc high priests (Orc:2)
  6 spriggan berserkers
  11 spriggans
  A storm dragon zombie (Depths:2)
  4 vampire magi
  3 iron trolls
  13 naga sharpshooters
  6 shock serpents
  8 deep elf knights
  2 sun demons (Depths:1)
  3 salamander mystics
  8 hell knights
  14 deep trolls
  8 unseen horrors
  3 glowing orange brains
  A shadow wraith (Vaults:3)
  5 flayed ghosts
  A swamp dragon (shapeshifter) (Vaults:2)
  2 shambling mangroves
  A golden dragon zombie (Depths:2)
  2 spriggan druids (Swamp:4)
  A glowing orange brain (shapeshifter) (Vaults:5)
  6 wizards
  4 large abominations (Depths:3)
  9 hill giants
  17 orc knights
  An orange crystal statue (Depths:2)
  A harpy (shapeshifter) (Vaults:1)
  16 ironbrand convokers
  15 swamp dragons
  4 necromancers
  2 deep elf archers (Vaults:1)
  9 naga ritualists
  A lindwurm (Lair:6)
  6 phantasmal warriors
  10 mana vipers
  A wolf spider zombie (D:14)
  5 salamanders
  Pikel (D:9)
  10 deep elf magi
  35 ugly things
  A mana viper (shapeshifter) (Depths:3)
  5 orc sorcerers
  3 harpies (Vaults:5)
  5 cyclopes
  7 manticores
  2 oklob plants (Lair:5)
  A spriggan zombie (Depths:2)
  6 wolf spiders
  6 elephants
  46 black mambas
  11 moths of wrath
  6 guardian serpents
  22 naga magi
  31 spiny frogs
  16 vault sentinels
  2 spiny frogs (shapeshifter)
  A kobold demonologist (Depths:2)
  7 freezing wraiths
  3 centaur skeletons
  5 komodo dragons
  A rime drake (shapeshifter) (Depths:2)
  4 rime drakes
  An efreet (D:15)
  A yaktaur (shapeshifter) (Depths:5)
  35 yaktaurs
  2 tengu conjurers (Depths:3)
  6 trolls
  16 hornets
  A polar bear (Vaults:3)
  3 tyrant leeches
  22 two-headed ogres
  3 hornets (shapeshifter)
  A two-headed ogre (shapeshifter) (Vaults:2)
  10 blink frogs
  13 bog bodies
  9 hippogriffs
  A meliai zombie (D:9)
  42 slime creatures
  7 dream sheep (Lair:6)
  8 small abominations (Depths:3)
  Sigmund (D:6)
  3 air elementals (Depths:3)
  2 redbacks
  A spriggan (shapeshifter) (Vaults:4)
  4 shadows
  A vampire (D:14)
  4 wraiths
  4 wyverns
  42 yaks
  A tarantella (shapeshifter) (Depths:4)
  Eustachio (D:5)
  2 hungry ghosts
  A water elemental (Depths:5)
  10 vampire mosquitoes
  3 basilisks
  Grum (Lair:1)
  2 human simulacra
  Menkaure (D:5)
  A swamp worm (shapeshifter) (Vaults:5)
  67 nagas
  6 insubstantial wisps (Swamp:3)
  Edmund (D:4)
  3 wargs
  21 soldier ants
  2 acid dragons
  14 water moccasins
  12 swamp worms
  A hell hound (shapeshifter) (Vaults:4)
  A black bear (D:7)
  7 porcupines
  An ice beast (shapeshifter) (Vaults:4)
  44 orc warriors
  17 swamp drakes
  3 ice beasts
  2 sky beasts
  4 necrophages
  A swamp drake (shapeshifter) (Vaults:2)
  3 phantoms
  57 ogres
  10 wolves
  A boggart (Depths:1)
  26 centaurs
  11 crocodiles
  5 big kobolds
  A bullfrog (shapeshifter) (Depths:4)
  15 bullfrogs
  A glowing shapeshifter simulacrum (Vaults:3)
  2 wyvern zombies
  5 scorpions
  6 killer bees
  15 wights
  A howler monkey (D:8)
  6 electric eels
  2 crimson imps
  A quasit (D:9)
  2 bullfrog zombies
  5 hounds
  2 yaktaur simulacra (Vaults:1)
  5 jellies
  A gnoll shaman (D:8)
  24 orc priests
  A centaur zombie (D:10)
  34 orc wizards
  A bullfrog skeleton (D:6)
  4 iguanas
  28 worker ants
  A hound zombie (D:6)
  7 gnolls (D:8)
  7 adders
  4 shadow imps
  An ufetubus (Vaults:3)
  An ooze (D:2)
  7 worms
  A dart slug (D:1)
  7 leopard geckos
  113 orcs
  A ball python (D:3)
  5 giant cockroaches
  10 goblins
  7 hobgoblins
  18 jackals
  21 kobolds
  4 quokkas
  11 bats
  4 frilled lizards
  A quokka zombie (D:6)
  9 rats
  2 fungi (Swamp:3)
  A plant (Depths:3)
1943 creatures vanquished.

Vanquished Creatures (others)
  Margery (Vaults:4)
  A death cob (Zot:3)
  2 very ugly things
  A yaktaur captain (Vaults:1)
  A fire dragon (Depths:4)
  An ironbrand convoker (Vaults:3)
  5 yaktaurs
  A two-headed ogre (Depths:2)
  A spriggan (Depths:3)
  A naga (Snake:4)
  An orc warrior (Vaults:2)
  3 boggarts (Depths:1)
  A slave (D:9)
  An ogre (Depths:2)
  4 centaurs
  5 orcs
  7 fungi
  15 plants (Depths:3)
52 creatures vanquished.

Grand Total: 1995 creatures vanquished

Notes
Turn   | Place    | Note
-------+----------+-------------------------------------------
     0 | D:1      | AAAAA the Vine Stalker Monk began the quest for the Orb.
     0 | D:1      | Reached XP level 1. HP: 11/11 MP: 2/2
   115 | D:1      | Reached XP level 2. HP: 12/16 MP: 3/3
   386 | D:1      | Reached XP level 3. HP: 18/20 MP: 4/4
   766 | D:2      | Gained mutation: Your natural rate of healing is unusually fast. [Vine Stalker growth]
   766 | D:2      | Reached XP level 4. HP: 10/24 MP: 3/5
  1341 | D:3      | Found a sacrificial altar of Ru.
  1469 | D:3      | Reached XP level 5. HP: 21/29 MP: 4/6
  1877 | D:4      | Noticed a phantom
  1899 | D:4      | Killed a phantom
  1948 | D:4      | Noticed Edmund
  2231 | D:4      | Killed Edmund
  2231 | D:4      | Reached skill level 5 in Long Blades
  2231 | D:4      | Reached XP level 6. HP: 25/35 MP: 7/7
  2459 | D:5      | Entered Level 5 of the Dungeon
  2482 | D:5      | Noticed Eustachio
  2598 | D:5      | Found a staircase to the Ecumenical Temple.
  2631 | D:5      | Reached skill level 5 in Fighting
  2654 | Temple   | Entered the Ecumenical Temple
  2753 | Temple   | Became a worshipper of Ashenzari the Shackled
  2753 | Temple   | Reached * piety under Ashenzari
  2753 | Temple   | Reached ** piety under Ashenzari
  2837 | D:5      | Reached XP level 7. HP: 30/39 MP: 8/8
  3063 | D:5      | Noticed Menkaure
  3075 | D:5      | Killed Menkaure
  3125 | D:5      | Killed Eustachio
  3338 | D:6      | Noticed Sigmund
  3419 | D:6      | Gained mutation: You have razor-sharp teeth. [Vine Stalker growth]
  3419 | D:6      | Reached XP level 8. HP: 44/44 MP: 9/9
  3440 | D:6      | Killed Sigmund
  4114 | D:6      | Reached XP level 9. HP: 36/51 MP: 10/10
  5608 | D:8      | Reached XP level 10. HP: 55/58 MP: 11/11
  5687 | D:8      | Reached *** piety under Ashenzari
  6056 | D:9      | Noticed Pikel
  6079 | D:9      | Reached skill level 10 in Long Blades
  6098 | D:9      | Found a flagged portal.
  6284 | D:9      | Reached skill level 10 in Fighting
  6305 | Bailey   | Entered a bailey
  6332 | Bailey   | Noticed Blackmore's ghost (novice MiFi)
  6466 | D:9      | Killed Pikel
  6790 | D:10     | Entered Level 10 of the Dungeon
  6807 | D:10     | Found a staircase to the Orcish Mines.
  6930 | D:10     | Noticed an unseen horror
  6945 | D:10     | Killed an unseen horror
  6999 | D:10     | Found a staircase to the Lair.
  6999 | D:10     | Noticed an elephant
  7024 | D:10     | Killed an elephant
  7024 | D:10     | Reached XP level 11. HP: 25/64 MP: 10/12
  7177 | D:10     | Found Ysmomu's Magic Scroll Boutique.
  7181 | D:10     | Bought 2 scrolls of fog for 60 gold pieces
  7703 | D:11     | Noticed a hill giant
  7711 | D:11     | Killed a hill giant
  7726 | D:11     | Noticed Snorg
  7736 | D:11     | Killed Snorg
  7882 | D:11     | Reached **** piety under Ashenzari
  7894 | D:11     | Found a viscous altar of Jiyva.
  8003 | D:11     | Identified the +4 whip of the Unliving {venom, Str+2} (You took it off a centaur on level 11 of the Dungeon)
  8173 | D:11     | Noticed a four-headed hydra
  8204 | D:11     | Killed an eight-headed hydra
  8552 | D:12     | Noticed a fire giant
  8697 | D:12     | Identified a scroll of acquirement
  8732 | D:12     | Identified the +5 hand axe of the Butterfly {flame, rC+}
  8950 | D:11     | Noticed a manticore
  8955 | D:11     | Killed a manticore
  9019 | D:12     | Identified the cursed +1 ring mail "Nufoc" {rElec rC+ MR+ Str-2 Int+4} (You took it off a kobold on level 12 of the Dungeon)
  9183 | D:11     | Gained mutation: You heal very quickly. [Vine Stalker growth]
  9183 | D:11     | Reached XP level 12. HP: 52/71 MP: 13/13
  9658 | D:12     | Killed a fire giant
  9772 | D:13     | Found a gate to the Vaults.
  9772 | D:13     | Noticed a vault guard
  9772 | D:13     | Noticed a vault guard
  9772 | D:13     | Noticed a vault guard
  9773 | D:13     | Noticed a vault guard
  9919 | D:12     | Killed a vault guard
  9919 | D:12     | Reached skill level 5 in Dodging
 10053 | Lair:1   | Entered Level 1 of the Lair of Beasts
 10060 | Lair:1   | Noticed Grum
 10072 | Lair:1   | Killed Grum
 10242 | Lair:1   | Gained mutation: You have sharp toenails. [potion of beneficial mutation]
 10243 | Lair:1   | Gained mutation: Your system is resistant to poisons. (rPois) [potion of beneficial mutation]
 10310 | Lair:1   | Noticed a six-headed hydra
 10376 | Lair:1   | Killed a four-headed hydra
 10692 | Lair:1   | Reached ***** piety under Ashenzari
 11105 | Lair:2   | Found a staircase to the Snake Pit.
 11299 | Lair:2   | Reached XP level 13. HP: 76/76 MP: 14/14
 11709 | Lair:3   | Found a staircase to the Swamp.
 11802 | Lair:3   | Identified the cursed +0 pair of gloves of Morality {Str+3} (You acquired it on level 3 of the Lair of Beasts)
 12572 | Lair:4   | Reached skill level 10 in Dodging
 12841 | Lair:4   | Identified the cursed +1 rapier of Lies {pierce, *Drain rC++ rN++}
 13448 | Lair:5   | Reached ****** piety under Ashenzari
 14025 | Lair:6   | Entered Level 6 of the Lair of Beasts
 14181 | Lair:6   | Reached XP level 14. HP: 81/81 MP: 15/15
 14221 | Lair:6   | Reached skill level 5 in Stealth
 14283 | Lair:6   | Identified the cursed +1 war axe of a sewer {drain, *Contam +Blink +Inv SInv}
 14557 | Lair:6   | Found a staircase to the Slime Pits.
 14558 | Lair:6   | Found a viscous altar of Jiyva.
 14596 | Lair:6   | Reached skill level 10 in Stealth
 15232 | Orc:1    | Entered Level 1 of the Orcish Mines
 15252 | Orc:1    | Noticed Harold
 15262 | Orc:1    | Killed Harold
 15525 | Orc:2    | Entered Level 2 of the Orcish Mines
 15571 | Orc:2    | Noticed an orc warlord
 15601 | Orc:2    | Noticed yrara's ghost (journeyman GrFi)
 15672 | Orc:2    | Noticed an orc warlord
 15740 | Orc:2    | Killed yrara's ghost
 16039 | Orc:1    | Killed an orc warlord
 16078 | Orc:2    | Reached XP level 15. HP: 85/85 MP: 16/16
 16301 | Orc:2    | Reached skill level 1 in Evocations
 16336 | Orc:2    | Killed an orc warlord
 16441 | Orc:2    | Found a staircase to the Elven Halls.
 16579 | Orc:2    | Found Zoos's General Store.
 16580 | Orc:2    | Found Tamiqeutt's Book Shop.
 16583 | Orc:2    | Found Misunwec's Antique Armour Shop.
 16583 | Orc:2    | Found Qeniaf's Antique Weapon Boutique.
 16613 | Orc:2    | Bought a glowing cloak for 262 gold pieces
 16629 | Orc:2    | Bought a book of the Earth for 1105 gold pieces
 16629 | Orc:2    | Bought 2 potions of curing for 102 gold pieces
 16629 | Orc:2    | Bought a scroll of fear for 59 gold pieces
 16629 | Orc:2    | Bought a potion of might for 68 gold pieces
 16629 | Orc:2    | Bought a scroll of remove curse for 51 gold pieces
 17020 | D:13     | Reached skill level 1 in Short Blades
 17052 | D:13     | Identified the +1 chain mail of Yniej {MR+ Str+4}
 17253 | D:13     | Noticed Urug
 17328 | D:13     | Killed Urug
 17507 | D:13     | Reached skill level 5 in Short Blades
 17929 | D:13     | Learned a level 6 spell: Statue Form
 17934 | D:13     | Learned a level 3 spell: Confuse
 18937 | D:15     | Entered Level 15 of the Dungeon
 18944 | D:15     | Reached skill level 1 in Shields
 19032 | D:15     | Found Biphegg's General Store.
 19162 | D:15     | Noticed Louise
 19170 | D:15     | Killed Louise
 19204 | D:15     | Reached XP level 16. HP: 89/90 MP: 19/19
 19371 | D:15     | Reached skill level 5 in Shields
 19576 | D:15     | HP: 1/90 [ice dragon/blast of cold (14)]
 19742 | D:15     | Found a staircase to the Depths.
 19830 | Depths:1 | Entered Level 1 of the Depths
 19843 | Depths:1 | Found Wusch's Gadget Shop.
 19844 | Depths:1 | Found Byab Apn's Jewellery Emporium.
 19844 | Depths:1 | Found Diudek's Jewellery Emporium.
 20024 | Depths:1 | Bought the ring "Tarhuje" {+Fly rF+ Dex-3 Slay+5 SInv} for 742 gold pieces
 20287 | Swamp:1  | Entered Level 1 of the Swamp
 21306 | Swamp:2  | Noticed Jorgrun
 21318 | Swamp:2  | Killed Jorgrun
 21792 | Swamp:3  | Noticed Bai Suzhen
 21995 | Swamp:3  | Reached skill level 10 in Shields
 22311 | Swamp:3  | Killed Bai Suzhen
 22632 | Swamp:3  | Noticed a thorn hunter
 22644 | Swamp:3  | Killed a thorn hunter
 22898 | Swamp:4  | Entered Level 4 of the Swamp
 22905 | Swamp:4  | Reached XP level 17. HP: 94/94 MP: 18/20
 23342 | Swamp:4  | Learned a level 1 spell: Confusing Touch
 23514 | Swamp:4  | Reached skill level 1 in Spellcasting
 23526 | Swamp:4  | Reached skill level 1 in Earth Magic
 23547 | Swamp:4  | Reached skill level 1 in Transmutations
 23626 | Swamp:4  | Reached skill level 2 in Spellcasting
 23761 | Swamp:4  | Reached skill level 3 in Spellcasting
 23767 | Swamp:4  | Got a decaying rune of Zot
 23885 | Swamp:4  | Reached skill level 4 in Spellcasting
 24323 | Snake:1  | Entered Level 1 of the Snake Pit
 24358 | Snake:1  | Reached skill level 5 in Spellcasting
 24398 | Snake:1  | Reached skill level 6 in Spellcasting
 24759 | Snake:1  | Reached skill level 7 in Spellcasting
 24807 | Snake:1  | Found Retsojof's General Store.
 25059 | Snake:2  | Reached skill level 8 in Spellcasting
 25253 | Snake:2  | Reached skill level 9 in Spellcasting
 25422 | Snake:2  | Reached XP level 18. HP: 98/98 MP: 32/32
 25440 | Snake:2  | Noticed Aizul
 25459 | Snake:2  | Killed Aizul
 25625 | Snake:3  | Reached skill level 10 in Spellcasting
 25979 | Snake:4  | Entered Level 4 of the Snake Pit
 25995 | Snake:4  | Reached skill level 11 in Spellcasting
 26269 | Snake:4  | Reached skill level 12 in Spellcasting
 26367 | Snake:4  | Noticed Agnes
 26373 | Snake:4  | Killed Agnes
 26411 | Snake:4  | Learned a level 3 spell: Mephitic Cloud
 26627 | Snake:4  | Noticed Vashnia
 26683 | Snake:4  | Killed Vashnia
 26683 | Snake:4  | Reached skill level 13 in Spellcasting
 26847 | Snake:4  | Reached skill level 14 in Spellcasting
 26894 | Snake:4  | Reached XP level 19. HP: 67/102 MP: 34/38
 26911 | Snake:4  | Identified the +4 whip of Twilight {flame, rElec Dex+2}
 27167 | Snake:4  | Reached skill level 15 in Spellcasting
 27176 | Snake:4  | Got a serpentine rune of Zot
 27442 | Snake:4  | Gained mutation: You are covered in fur. (AC +1) [potion of beneficial mutation]
 27727 | Vaults:1 | Entered Level 1 of the Vaults
 27966 | Vaults:1 | Found Plog's Assorted Antiques.
 28246 | Vaults:1 | Reached skill level 16 in Spellcasting
 28561 | Vaults:1 | Noticed Asterion
 28604 | Vaults:1 | Killed Asterion
 28803 | Vaults:1 | Reached skill level 17 in Spellcasting
 29054 | Vaults:2 | Noticed Jory
 29101 | Vaults:2 | Killed Jory
 29208 | Vaults:2 | Reached XP level 20. HP: 107/107 MP: 42/42
 29215 | Vaults:2 | Noticed Mennas
 29270 | Vaults:2 | Killed Mennas
 29368 | Vaults:2 | Noticed Boris
 29399 | Vaults:2 | Killed Boris
 29399 | Vaults:2 | Reached skill level 18 in Spellcasting
 29628 | Vaults:2 | Noticed Sojobo
 29665 | Vaults:2 | Killed Sojobo
 29758 | Vaults:2 | Found a flickering gateway to a bazaar.
 29979 | Vaults:2 | Noticed Donald
 30001 | Vaults:2 | Killed Donald
 30233 | Vaults:2 | Reached skill level 19 in Spellcasting
 31052 | Vaults:3 | Found a staircase to the Crypt.
 31308 | Vaults:3 | Reached skill level 20 in Spellcasting
 31501 | Crypt:1  | Entered Level 1 of the Crypt
 31697 | Vaults:4 | Reached XP level 21. HP: 67/112 MP: 42/46
 32264 | Vaults:4 | Reached skill level 21 in Spellcasting
 32566 | Vaults:4 | Noticed Margery
 32586 | Vaults:4 | Killed Margery
 33050 | Vaults:5 | Entered Level 5 of the Vaults
 33073 | Vaults:5 | Reached skill level 22 in Spellcasting
 33393 | Vaults:5 | Reached XP level 22. HP: 95/116 MP: 49/49
 33490 | Vaults:5 | Got a silver rune of Zot
 33496 | Vaults:5 | Identified the cursed +0 hat of the Loofah {MR- Regen+ Dex+6} (You acquired it on level 5 of the Vaults)
 33516 | Vaults:5 | Gained mutation: You are resistant to hostile enchantments. (MR+) [potion of beneficial mutation]
 33525 | Vaults:5 | Learned a level 1 spell: Summon Butterflies
 33622 | Vaults:5 | Identified the +8 hand crossbow of Fortitude {venom, SInv} (You took it off a yaktaur captain on level 5 of the Vaults)
 33653 | Vaults:5 | Reached skill level 23 in Spellcasting
 33665 | Vaults:5 | Identified the +4 arbalest of the Mouth {venom, Dex+2} (You took it off a vault warden on level 5 of the Vaults)
 33769 | Vaults:5 | Identified the ring "Meghao" {+Blink Int+4 Stlth+} (You took it off a frost giant on level 5 of the Vaults)
 33870 | Vaults:5 | Noticed a golden dragon
 33886 | Vaults:5 | Killed a golden dragon
 34067 | Vaults:5 | Identified the +0 scale mail of Fortitude {MR+ Dex+5}
 34091 | Vaults:5 | Learned a level 5 spell: Silence
 34098 | Vaults:5 | Learned a level 6 spell: Deflect Missiles
 34152 | Vaults:5 | Learned a level 9 spell: Tornado
 34283 | Vaults:5 | Reached skill level 24 in Spellcasting
 34422 | Vaults:5 | Reached XP level 23. HP: 121/121 MP: 52/52
 34425 | Vaults:5 | Noticed a golden dragon
 34442 | Vaults:5 | Killed a golden dragon
 34647 | Vaults:5 | Found Rioklan's Magic Scroll Shoppe.
 34655 | Vaults:5 | Bought a scroll of enchant armour for 165 gold pieces
 34655 | Vaults:5 | Bought a scroll of enchant weapon for 165 gold pieces
 34655 | Vaults:5 | Bought a scroll of teleportation for 66 gold pieces
 34655 | Vaults:5 | Bought a scroll of teleportation for 66 gold pieces
 34730 | Vaults:5 | Noticed a golden dragon
 34750 | Vaults:5 | Killed a golden dragon
 35384 | Depths:1 | Noticed Nikola
 35423 | Depths:1 | Killed Nikola
 35423 | Depths:1 | Reached XP level 24. HP: 100/126 MP: 52/52
 35474 | Depths:1 | Reached skill level 25 in Spellcasting
 35599 | Depths:1 | Found a gateway to a ziggurat.
 36096 | Depths:1 | Found a gateway to Hell.
 36347 | Depths:2 | Identified the +5 morningstar "Zettusat" {venom, +Fly rElec MR+}
 36628 | Depths:2 | HP: 6/126 [caustic shrike simulacrum[a necromancer] (15)]
 36633 | Depths:1 | HP: 6/126 [poisoned by a spriggan defender]
 36783 | Hell     | Entered the Vestibule of Hell
 36783 | Hell     | Noticed Geryon
 37086 | Depths:2 | Identified the cursed +2 shortbow of the Swamp {velocity, rC+ Str-4 Dex+4}
 37147 | Depths:2 | Noticed a juggernaut
 37158 | Depths:2 | Killed a juggernaut
 37177 | Depths:2 | Reached skill level 26 in Spellcasting
 37357 | Depths:2 | Learned a level 2 spell: Blink
 37360 | Depths:2 | Learned a level 2 spell: Repel Missiles
 37574 | Depths:3 | Noticed the Enchantress
 37595 | Depths:3 | Killed the Enchantress
 37595 | Depths:3 | Identified the +5 faerie dragon scales {rN+} (You took it off the Enchantress on level 3 of the Depths)
 37613 | Depths:3 | Noticed Herrn's ghost (master NaMo)
 37896 | Depths:3 | Found a one-way gate leading to the halls of Pandemonium.
 38242 | Depths:3 | Noticed a caustic shrike
 38245 | Depths:3 | Noticed a juggernaut
 38257 | Depths:3 | Killed a caustic shrike
 38438 | Depths:2 | Reached XP level 25. HP: 130/130 MP: 54/54
 38572 | Depths:2 | Killed a juggernaut
 38572 | Depths:2 | Reached skill level 27 in Spellcasting
 38607 | Depths:2 | Found a one-way gate to the infinite horrors of the Abyss.
 38673 | Depths:3 | Reached skill level 1 in Air Magic
 38761 | Depths:3 | Killed Herrn's ghost
 38866 | Depths:3 | Reached skill level 5 in Air Magic
 38903 | Depths:3 | Identified the cursed +0 pair of boots of Mikeuc {+Inv rC- rN+ rCorr} (You acquired it on level 3 of the Depths)
 39405 | Depths:1 | Bought a wand of hasting (4/9) for 768 gold pieces
 39790 | Depths:4 | Reached skill level 10 in Air Magic
 40165 | Depths:5 | Entered Level 5 of the Depths
 40418 | Depths:5 | Reached XP level 26. HP: 135/135 MP: 55/55
 40459 | Depths:5 | Identified the -3 buckler of Submission {rPois Dex+4} (You took it off a deep elf high priest on level 5 of the Depths)
 40567 | Depths:5 | Found a gate to the Realm of Zot.
 40657 | Depths:5 | Identified the +8 short sword of Henauja {pierce, Int+4}
 41136 | Depths:5 | Reached skill level 5 in Transmutations
 41694 | Zot:1    | Entered Level 1 of the Realm of Zot
 41746 | Zot:1    | Learned a level 2 spell: Swiftness
 42181 | Zot:1    | Reached skill level 15 in Air Magic
 43428 | Zot:3    | Reached XP level 27. HP: 139/139 MP: 55/55
 43524 | Zot:3    | HP: 5/180 [green draconian/dire flail (8)]
 43524 | Zot:3    | Mangled by a golden dragon

Vault maps used:
D:1:      saegor_arrival_simple_e
D:3:      minmay_misc_feat_hallway, hex_tiny, nicolae_ru_awakened_eye
D:4:      first_bread, uniq_edmund
D:5:      uniq_menkaure, uniq_eustachio
D:6:      minmay_joined_circles, uniq_sigmund
D:7:      statuecave_lemuel
D:9:      enter_bailey_3, uniq_pikel
D:10:     david_lair_generic, orc_0_dummy, serial_shops, shop
D:11:     jiyva_altar_1, uniq_snorg
D:12:     kennysheep_scales
D:13:     lightli_vaults_fourway_checkpoint, grunt_ogre_cave, minivault_29,
          uniq_urug
D:14:     minivault_23
D:15:     grunt_enter_depths_hoard, serial_shops, shop, dk_noncrumbling_4,
          uniq_louise
Temple:   grunt_wide_crystal_templ
Lair:1:   uniq_grum
Lair:2:   dummy_snake_entry, serial_bayou_shore_b
Lair:3:   swamp_mist, serial_bayou_crossing, infiniplex_staircase_pool
Lair:4:   infiniplex_staircase_pool_2, grunt_megastairs_2
Lair:5:   dpeg_oklob_gauntlet
Lair:6:   hangedman_lair_in_review, slime_altar_1
Swamp:1:  hangedman_swamp_ruin_wall, swamp_pool3
Swamp:2:  nicolae_swamp_very_dense_foliage, uniq_jorgrun
Swamp:3:  nicolae_swamp_fairy_circle, water_boxes_lemuel, uniq_bai_suzhen
Swamp:4:  swamp_basic_johnstein, swamp_pool4
Snake:1:  serial_shops, shop
Snake:2:  special_room, uniq_aizul
Snake:4:  johnstein_snake_rune_scales, grunt_ministairs_1, lemuel_fruit_tree,
          uniq_agnes
Orc:1:    uniq_harold
Orc:2:    st_orc_congregation
Vaults:1: nicolae_vaults_disjoint_gnomons, st_cross, vaults_dpeg_doors,
          v_rooms_5, v_misc_15, ontoclasm_vaults_decontamination,
          ontoclasm_vaults_ring_large, v_alt_pattern_3,
          hangedman_vaults_stretched_pinwheel, vaults_room_grunt_arrival_ludios,
          grunt_vaults_funnel, vaults_standard_mumra_enter_the_diamond,
          serial_shops, shop, uniq_asterion
Vaults:2: v_misc_25, vaults_room_pools, nicolae_vaults_little_squares_2,
          hangedman_vaults_capsules, ontoclasm_vaults_shuriken,
          vaults_mumra_bighexcomb, ontoclasm_vaults_pinch,
          grunt_vaults_diagonal, vaults_dpeg_diagonal, ontoclasm_vaults_hangar,
          dpeg_vaults_monster_box, serial_shops, bzr_entry_road, uniq_boris,
          uniq_donald, uniq_jory, uniq_sojobo, uniq_mennas
Vaults:3: ontoclasm_vaults_hangar, minmay_crypt_entry_simple_plaza,
          hangedman_vaults_impose, nicolae_vaults_angled_halls,
          vaults_room_fours, serial_ice_g, vaults_room_octagon,
          ontoclasm_vaults_idyll, nicolae_vaults_stairing_the_circle,
          ontoclasm_vaults_fault, nicolae_vaults_yaktaur_gun_rack,
          vaults_room_stairs_pillars
Vaults:4: nicolae_vaults_twisting_passages, v_misc_30, v_misc_9,
          ontoclasm_vaults_ligature, vaults_mumra_hex, vaults_dpeg_cross,
          nicolae_vaults_three_branches, vaults_room_pool,
          vaults_mumra_minichess_inversion, v_misc_8, uniq_margery
Depths:1: enter_ziggurat_a, lightli_too_deep, kennysheep_nub,
          lemuel_flame_loot_1, minmay_shop_grove, serial_bayou_shore_b,
          uniq_nikola
Depths:2: minmay_open_boxes_in_corner, marbit_kobold_abyss_entry, hell_entry,
          corexii_corridor_pit, minivault_15,
          hangedman_abyss_or_decor_jellyfish_corner, st_stairs_1,
          grunt_megastairs_5, minmay_staircase_windowed_large
Depths:3: minmay_expanding_squares, serial_bayou_pond_c, pf_coc_iceberg,
          minmay_room_of_horrors, pan_entry, minmay_staircase_bubble,
          uniq_enchantress
Depths:4: minmay_diamond_stairs, pan_entry, hell_entry,
          abyss_entry_small_statue_room, minmay_misc_feat_nine_boxes,
          serial_column_ruins, column_ruins_corridor_T,
          column_ruins_columns_corner, column_ruins_corridor_straight,
          column_ruins_corridor_straight, column_ruins_columns_corner,
          column_ruins_open_medium, infiniplex_staircase_pool_1, firewood_loft
Depths:5: evilmike_zot_entry_diamond, hangedman_abyss_entry_splay,
          pf_hell_entry_great_geh, abandoned_shop, grunt_tough_drop,
          basic_stair_grate_trap
Zot:3:    lemuel_draconian_sentries
Bailey:   bailey_axe_1, bailey

Skill      XL: |  1  2  3  4  5  6  7  8  9 10 11 12 13 14 15 16 17 18 19 20 21 22 23 24 25 26 |
---------------+-------------------------------------------------------------------------------+-----
Fighting       | 3 4 5 6 7 9 10 12 | 12.6
Long Blades    | 3 4 5 6 7 9 10 12 | 12.7
Dodging        | 8 11 | 11.9
Stealth        | 13 14 | 14.2
Evocations     | 3 |  3.9
Short Blades   | 7 |  7.7
Shields        | 4 11 12 | 12.4
Spellcasting   | 9 14 17 20 22 24 26 27 | 27.0
Earth Magic    | 3 |  3.0
Transmutations | 3 7 |  7.3
Air Magic      | 12 17 | 17.3

Action                   |  1- 3 |  4- 6 |  7- 9 | 10-12 | 13-15 | 16-18 | 19-21 | 22-24 | 25-27 || total
-------------------------+-------+-------+-------+-------+-------+-------+-------+-------+-------++-------
Melee: Falchion          |    86 |   159 |   266 |       |       |       |       |       |       ||   511
       Bite              |    30 |    74 |   157 |   316 |   468 |   523 |   586 |   586 |   544 ||  3284
       Long sword        |       |       |    76 |   580 |       |       |       |       |       ||   656
       Great sword       |       |       |       |    49 |   552 |       |       |       |       ||   601
       Kick              |       |       |       |    20 |   494 |   362 |       |       |   151 ||  1027
       Cutlass           |       |       |       |       |   499 |  1360 |  1351 |  1182 |  1032 ||  5424
 Cast: Repel Missiles    |       |       |       |       |       |       |       |     1 |       ||     1
       Statue Form       |       |       |       |       |       |       |       |       |    20 ||    20
       Deflect Missiles  |       |       |       |       |       |       |       |       |     1 ||     1
       Tornado           |       |       |       |       |       |       |       |       |     1 ||     1
Invok: Curse Item        |       |     2 |     3 |     4 |     3 |     2 |     2 |       |     1 ||    17
 Abil: Evoke Invisibilit |       |       |       |       |       |    18 |     7 |    11 |     5 ||    41
       Evoke Flight      |       |       |       |       |       |       |       |       |     1 ||     1
Evoke: Wand              |       |       |     8 |     7 |     2 |     6 |       |       |    10 ||    33
  Use: Scroll            |       |     1 |       |    33 |    15 |     9 |     6 |    11 |    11 ||    86
       Potion            |       |       |       |     4 |       |     3 |     6 |     3 |       ||    16
 Stab: Sleeping          |     6 |     1 |       |       |    34 |    35 |    51 |    24 |    18 ||   169
       Paralysed         |       |       |     3 |    10 |       |     1 |       |       |       ||    14
       Held in net/web   |       |       |       |       |     2 |       |       |       |       ||     2
       Distracted        |       |       |       |       |     3 |     5 |     5 |     3 |     6 ||    22
       Invisible         |       |       |       |       |       |    24 |    22 |    17 |     7 ||    70
  Eat: Chunk             |       |     5 |     9 |    21 |    19 |    19 |     5 |     4 |     6 ||    88
       Pizza             |       |       |     1 |       |     2 |     3 |     2 |       |       ||     8
       Beef jerky        |       |       |       |       |     2 |     6 |     4 |       |     3 ||    15
       Fruit             |       |       |       |       |       |     1 |       |       |       ||     1
       Meat ration       |       |       |       |       |       |       |     2 |     3 |     3 ||     8
       Royal jelly       |       |       |       |       |       |       |       |     1 |     1 ||     2
Armor: Robe              |    17 |     1 |       |       |       |       |       |       |       ||    18
       Scale mail        |       |    39 |   106 |   233 |       |       |       |       |       ||   378
       Troll leather arm |       |       |       |    14 |   157 |   129 |    67 |    69 |    68 ||   504
       Skin              |       |       |       |       |       |       |       |       |    90 ||    90
Dodge: Dodged            |    80 |    78 |   162 |   352 |   726 |   544 |   325 |   358 |   541 ||  3166
       Deflected         |       |       |       |       |       |       |       |     2 |     1 ||     3
Block: Other             |       |       |       |       |    70 |       |       |       |       ||    70
       Reflection        |       |       |       |       |    12 |    46 |    48 |    20 |    17 ||   143
       Shield            |       |       |       |       |   204 |   698 |   461 |   312 |   430 ||  2105
       Rpst.: Falchion   |    24 |    25 |    41 |       |       |       |       |       |       ||    90
       Long sword        |       |       |     6 |    88 |       |       |       |       |       ||    94
       Great sword       |       |       |       |    14 |   123 |       |       |       |       ||   137
